 Seeded DCSS version 0.31-a0-851-g7ff8af7976 (webtiles) character file.

Game seed: 15484592631660376689 (custom seed)

615 Danienth the Fighter (level 7, -1/63 HPs)
             Began as a Minotaur Fighter on Oct 6, 2023.
             Was a Believer of Hepliaklqana.
             Slain by a killer bee (4 damage)
             ... on level 5 of the Dungeon.
             The game lasted 00:07:20 (3163 turns).

Danienth the Fighter (Minotaur Fighter)             Turns: 3163, Time: 00:07:23

Health: -1/63      AC:  4    Str: 20    XL:     7   Next: 21%
Magic:  0/6        EV: 11    Int: 11    God:    Hepliaklqana [**....]
Gold:   187        SH:  0    Dex: 12    Spells: 2/6 levels left

rFire   . . .        a - +0 war axe
rCold   . . .        c - +0 buckler
rNeg    . . .        (no body armour)
rPois   .            (helmet restricted)
rElec   .            (no cloak)
rCorr   .            (no gloves)
SInv    +            (no boots)
Will    .....        g - amulet "Forget-Me-Not" {Spirit Regen+ SInv}
Stlth   +            f - +4 ring of protection
HPRegen 1.10/turn    u - +6 ring of intelligence
MPRegen 0.10/turn

%: guardian spirit
@: confused, mighty, lethally poisoned (-1 -> -5), ambrosia-drunk, studying
Fighting
A: reduced essence, horns 2, retaliatory headbutt
a: Renounce Religion, Recall Ancestor, Ancestor Identity


You were on level 5 of the Dungeon.
You worshipped Hepliaklqana.
Hepliaklqana was pleased with you.
You visited 1 branch of the dungeon, and saw 5 of its levels.

You collected 187 gold pieces.

Inventory:

Hand Weapons
 a - a +0 war axe (weapon)
Missiles
 o - 17 poisoned darts
Armour
 b - a +0 scale mail
 c - a +0 buckler (worn)
 q - the +3 leather armour of the Sailor {rC+ Will+}
   (You found it on level 3 of the Dungeon)

   rC+:       It protects you from cold.
   Will+:     It increases your willpower.
Jewellery
 f - a +4 ring of protection (left hand)
 g - the amulet "Forget-Me-Not" (around neck) {Spirit Regen+ SInv}
   (You acquired it on level 1 of the Dungeon)

   [amulet of guardian spirit]

   Spirit:    It causes incoming damage to be divided between your reserves of
   health and magic.
   SInv:      It lets you see invisible.
   Regen+:    It increases your rate of health regeneration.
 m - a ring of see invisible
 u - a +6 ring of intelligence (right hand)
Scrolls
 e - a scroll of vulnerability {unknown}
 i - a scroll of revelation {unknown}
 j - a scroll of fog {unknown}
 n - 4 scrolls of identify {unknown}
 r - 2 scrolls of teleportation {unknown}
 s - a scroll of poison {unknown}
 t - a scroll of fear {unknown}
 w - a scroll of amnesia {unknown}
 x - a scroll of immolation {unknown}
Potions
 d - a potion of might
 h - 2 potions of curing {unknown}
 k - a potion of heal wounds {unknown}
 l - a potion of invisibility {unknown}
 p - 2 potions of magic {unknown}
 v - a potion of mutation {unknown}


   Skills:
 * Level 9.9 Fighting
 * Level 6.9 Axes
 - Level 3.7 Armour
 - Level 3.7 Shields


You had 2 spell levels left.
You knew the following spells:

 Your Spells              Type           Power      Damage    Failure   Level
a - Summon Ice Beast      Ice/Summ       0%         N/A       99%         4

Your spell library contained the following spells:

 Spells                   Type           Power      Damage    Failure   Level
 Poisonous Vapours        Pois/Air       0%         N/A       54%         2
 Mephitic Cloud           Conj/Pois/Air  0%         N/A       78%         3
 Freezing Cloud           Conj/Ice/Air   0%         6-21      100%        5
 Summon Mana Viper        Hex/Summ       0%         N/A       100%        5
 Monstrous Menagerie      Summ           0%         N/A       100%        7


Dungeon Overview and Level Annotations

Branches:
Dungeon (5/15)
 Temple: D:4-7

Altars:
Hepliaklqana

Annotations:
D:5 1 transporter, bahustanut's ghost, novice FoHu


Innate Abilities, Weirdness & Mutations

Your life essence is reduced to manifest your ancestor. (-10% HP)
You have a pair of horns on your head.
You reflexively headbutt those who attack you in melee.


Message History

The killer bee stings you. x3
* * * LOW HITPOINT WARNING * * *
You are more poisoned.
The killer bee poisons you!
You are confused.
You feel invigorated.
You feel very sick. The killer bee barely misses you.
The killer bee stings you but does no damage.
The killer bee closely misses you. The killer bee barely misses you.
The killer bee stings you but does no damage.
The killer bee barely misses you.
You're too confused to move!
You feel very sick. The killer bee closely misses you.
The killer bee stings you.
* * * LOW HITPOINT WARNING * * *
The killer bee stings you!
* * * LOW HITPOINT WARNING * * *
Izel points at the killer bee and mumbles some strange words.
The killer bee seems to slow down.
The killer bee stings you.
* * * LOW HITPOINT WARNING * * *
The killer bee barely misses you.
The killer bee stings you but does no damage.
You closely miss the killer bee. Your headbutt misses the killer bee.
The killer bee is almost dead.
You miss the killer bee. You hit the killer bee.
You feel very sick. The killer bee stings you.
* * * LOW HITPOINT WARNING * * *
The killer bee closely misses you. x2; The killer bee stings you.
* * * LOW HITPOINT WARNING * * *
You are lethally poisoned!
The killer bee poisons you!
* * * LOW HITPOINT WARNING * * *
You feel very sick.
The killer bee buzzes angrily.
The killer bee stings you.
* * * LOW HITPOINT WARNING * * *
The killer bee stings you.
You die...

# ##. #.........# ..
.... ###.........# #..
#.....##.........#
...###.##..##.........#
....©.............<.#
##########...†###### #
#..©..#####...#
#...#..R#...###..#
#..#..###@.#..##..# #
#.#..y#y#.###..#
###y.#y.### #...# #...#
..#.#.###..#
..#.!###..#..##..# #
..#.y.#..y###..#
#.yyWy#####...#
.#############..#.#
.......©.......##.#


You could see the friendly Izel the hexer and 4 killer bees.

Vanquished Creatures
  Menkaure (D:5)
  A scorpion (D:4)
  A killer bee (D:5)
  A jelly (D:4)
  An orc priest (D:3)
  Natasha (D:4)
  An iguana (D:4)
  A gnoll (D:4)
  5 adders
  A worm (D:3)
  3 dart slugs
  3 orcs
  5 ball pythons
  5 bats
  13 endoplasms
  2 giant cockroaches
  9 goblins
  4 hobgoblins
  3 kobolds
  3 quokkas (D:1)
  6 frilled lizards
  5 rats
75 creatures vanquished.

Vanquished Creatures (collateral kills)
  A scorpion (D:4)
  A hound (D:5)
  A jelly (D:4)
  3 gnolls (D:4)
  2 kobolds
8 creatures vanquished.

Grand Total: 83 creatures vanquished

Notes
Turn   | Place    | Note
-------+----------+-------------------------------------------
     0 | D:1      | Danienth the Minotaur Fighter began the quest for the Orb.
     0 | D:1      | Reached XP level 1. HP: 19/19 MP: 0/0
    82 | D:1      | Identified 3 scrolls of acquirement
    82 | D:1      | Acquired a +4 ring of protection
    85 | D:1      | Acquired the amulet "Forget-Me-Not" {Spirit Regen+ SInv}
    92 | D:1      | Acquired a manual of Fighting
   109 | D:1      | Reached skill level 4 in Fighting
   109 | D:1      | Reached XP level 2. HP: 27/27 MP: 1/1
   479 | D:1      | Reached XP level 3. HP: 35/35 MP: 2/2
   739 | D:1      | Reached skill level 5 in Fighting
   809 | D:2      | Found a faded altar of an unknown god.
   813 | D:2      | Prayed at the altar of an unknown god.
   813 | D:2      | Became a worshipper of Hepliaklqana the Forgotten
   813 | D:2      | Reached * piety under Hepliaklqana
  1372 | D:2      | Reached XP level 4. HP: 39/39 MP: 3/3
  1593 | D:3      | Identified the +3 leather armour of the Sailor {rC+ Will+}
  1627 | D:3      | Reached skill level 6 in Fighting
  1809 | D:3      | Reached XP level 5. HP: 41/45 MP: 4/4
  1861 | D:3      | Reached ** piety under Hepliaklqana
  1864 | D:3      | Remembered your ancestor Izel as a hexer
  2118 | D:4      | Reached skill level 7 in Fighting
  2118 | D:4      | Reached skill level 5 in Axes
  2237 | D:4      | Noticed Natasha
  2244 | D:4      | Killed Natasha
  2321 | D:4      | Reached skill level 8 in Fighting
  2321 | D:4      | Reached XP level 6. HP: 54/54 MP: 5/5
  2419 | D:4      | Learned a level 4 spell: Summon Ice Beast
  3097 | D:5      | Entered Level 5 of the Dungeon
  3097 | D:5      | Noticed Menkaure
  3105 | D:5      | Killed Menkaure
  3106 | D:5      | Reached skill level 9 in Fighting
  3106 | D:5      | Reached XP level 7. HP: 62/63 MP: 6/6
  3124 | D:5      | Found a transporter.
  3126 | D:5      | Noticed bahustanut's ghost (novice FoHu)
  3127 | D:5      | Found a transporter.
  3163 | D:5      | HP: 3/63 [killer bee (2)]
  3163 | D:5      | Slain by a killer bee

Illustrated notes

Levels and vault maps discovered:
D:1:      dpeg_arrival_pits, layout_loops_ring, minmay_misc_feat_iff,
          minivault_14
D:2:      layout_basic, hellmonk_ecumenical_altar_heavens_door, st_stairs_6,
          kennysheep_small_spiral, minmay_small_reverse_x
D:3:      layout_basic, serial_glass, glass_columns_b, glass_columns_b,
          glass_columns_c, glass_columns_b, glass_columns_c, glass_columns_b,
          chequers_serial_rivers_small_b, minmay_misc_feat_cross,
          grunt_ministairs_9, minmay_misc_feat_tower, minivault_24,
          minmay_misc_feat_columns, minmay_liquid_box, minmay_fountain_box
D:4:      layout_basic, uniq_natasha
D:5:      gammafunk_wand_slinger, layout_rooms,
          mainiacjoe_overflow_six_doors_small, mainiacjoe_overflow_chevrons,
          gammafunk_ghost_hive, minmay_shop_grid_forest, uniq_menkaure,
          uniq_ijyb

Skill      XL: |  1  2  3  4  5  6 |
---------------+-------------------+-----
Fighting       | 4 5 6 8 9 |  9.9
Axes           | 3 4 5 6 |  6.9
Armour         | |  3.7
Shields        | |  3.7

Action                     |  1- 3 |  4- 6 |  7- 9 || total
---------------------------+-------+-------+-------++-------
  Melee: War axe           |    85 |    60 |    10 ||   155
         Headbutt          |     7 |    18 |       ||    25
 Invoke: Ancestor Identity |     1 |       |       ||     1
         Ancestor Life: He |       |     1 |       ||     1
    Use: Scroll            |     3 |       |       ||     3
         Potion            |       |       |     2 ||     2
   Stab: Distracted        |       |     1 |       ||     1
 Armour: Scale mail        |    52 |     3 |       ||    55
         Skin              |       |    26 |    34 ||    60
  Dodge: Dodged            |    45 |    27 |    19 ||    91
  Block: Buckler           |    15 |    14 |     2 ||    31

Table legend: (Time is in decaauts)
 A = Elapsed time spent in this place.
 B = Non-inter-level travel time spent in this place.
 C = Inter-level travel time spent in this place.
 D = Time resting spent in this place.
 E = Time spent auto-exploring this place.
 F = Levels seen in this place.
 G = Mean time per level.
                   A        B        C        D        E       F      G
               +--------+--------+--------+--------+--------+-----+--------+
         Total |   3214 |   3125 |     89 |    312 |   2315 |   5 |  642.8 |
       Dungeon |   3214 |   3125 |     89 |    312 |   2315 |   5 |  642.8 |
               +--------+--------+--------+--------+--------+-----+--------+

Top non-repeatable levels by time:
     D:4: 995 daAuts
     D:1: 816 daAuts
     D:2: 747 daAuts
     D:3: 585 daAuts
     D:5: 68 daAuts
